cohdb
Replays
Latest Replays
All Replays
Popular Replays
Top Player Replays
Match Explorer
How It Works
Community
CoH3 Stats
Reddit
Sign in to upload your games and track your stats! →
Sign in with Steam
Match 45527591
Unlisted
Match 45527591
Overview
Messages
Build Orders
End
Panzerpioneer Squad
Panzergrenadier Squad
250 Light Carrier
Panzergrenadier Squad
Construct Light Support Kompanie
Combat Half-tracks
Fire Support Elements
Pak 38 Mechanized Group
Flakvierling Half-track
Vehicle Survival Package
2.5-tonne Medical Truck
Selects Battlefield Espionage Battlegroup
Selects Intel Disruption Beacon
Veteran Squad Leaders
Assault Mechanized Group
Selects 250/3 Funkpanzerwagen
Selects Advanced Ambush Training
Construct Panzerarmee Kommand
Ra11
MatioS
Otto Karius
WЇЌĭήğ§* ★assasin
HulkSMASH
DoMxNightM4rE
0
0
Comments
sign in to comment!
No comments posted yet!